 Dungeon Crawl Stone Soup version 0.30.0-29-ga12c61a403 (webtiles) character file.

Game seed: 12228660374107235708

1375 McKennaii the Conjurer (level 8, -1/57 HPs)
             Began as a Demigod Conjurer on June 12, 2023.
             Engulfed by a steam dragon's steam (10 damage)
             ... on level 7 of the Dungeon.
             The game lasted 00:05:51 (6875 turns).

McKennaii the Conjurer (Demigod Conjurer)           Turns: 6875, Time: 00:05:52

Health: -1/57      AC:  3    Str:  8    XL:     8   Next: 16%
Magic:  6/21       EV: 12    Int: 28    God:
Gold:   440        SH:  0    Dex: 12    Spells: 12/19 levels left

rFire   . . .        u - +2 short sword (venom)
rCold   . . .        (no shield)
rNeg    . . .        a - +0 robe
rPois   .            (no helmet)
rElec   .            (no cloak)
rCorr   .            y - +0 pair of gloves
SInv    .            (no boots)
Will    .....        o - amulet of regeneration
Stlth   ++           (no ring)
HPRegen 1.09/turn    (no ring)
MPRegen 0.17/turn

%: no passive effects
@: no status effects
A: high MP 1, forlorn, divine attributes
a: no special abilities


You were on level 7 of the Dungeon.
You visited 1 branch of the dungeon, and saw 7 of its levels.

You collected 440 gold pieces.

Inventory:

Hand Weapons
 u - a +2 short sword of venom (weapon)
Missiles
 t - a throwing net
Armour
 a - a +0 robe (worn)
 x - the +0 scale mail "Fewox" {Fly rElec Str+3 Slay+3}
   (You found it on level 6 of the Dungeon)

   Str:       It affects your strength (+3).
   Slay:      It affects your accuracy & damage with ranged weapons and melee
   (+3).
   rElec:     It insulates you from electricity.
   Fly:       It grants you flight.
 y - a +0 pair of gloves (worn)
Jewellery
 o - an amulet of regeneration (around neck)
 z - a ring of ice
Wands
 r - a wand of acid (9)
 B - a wand of mindburst (18)
 C - a wand of digging (5)
Scrolls
 d - a scroll of enchant armour {unknown}
 e - 7 scrolls of enchant weapon
 f - 9 scrolls of teleportation
 j - 2 scrolls of amnesia
 q - 2 scrolls of vulnerability
 w - a scroll of magic mapping {unknown}
 D - a scroll of identify
Potions
 b - 3 potions of magic
 c - 4 potions of flight
 g - a potion of experience
 h - 7 potions of curing {unknown}
 i - a potion of lignification {unknown}
 k - 3 potions of degeneration {unknown}
 l - 2 potions of haste {unknown}
 m - 2 potions of heal wounds {unknown}
 n - 2 potions of mutation {unknown}
 p - 2 potions of might {unknown}
 s - 3 potions of brilliance {unknown}
 v - a potion of ambrosia {unknown}
 A - 2 potions of invisibility {unknown}


   Skills:
 - Level 1.7 Dodging
 - Level 1.7 Stealth
 + Level 6.3 Spellcasting
 + Level 7.6 Conjurations


You had 12 spell levels left.
You knew the following spells:

 Your Spells              Type           Power      Damage    Failure   Level
a - Magic Dart            Conj           100%       1d8       1%          1
b - Searing Ray           Conj           100%       2d8       1%          2
c - Iskenderun's Mystic   Conj/Tloc      30%        2d8       12%         4

Your spell library contained the following spells:

 Spells                   Type           Power      Damage    Failure   Level
 Dazzling Flash           Conj/Hex       60%        N/A       3%          3
 Apportation              Tloc           16%        N/A       6%          1
 Fulminant Prism          Conj/Hex       15%        3d10      12%         4
 Sticky Flame             Conj/Fire      30%        2d5       12%         4
 Ignite Poison            Fire/Tmut/Pois 8%         N/A       17%         3
 Alistair's Intoxication  Tmut/Pois      5%         N/A       85%         5
 Ignition                 Fire           4%         3d4       100%        8


Dungeon Overview and Level Annotations

Branches:
Dungeon (7/15)             Temple (0/1) D:4


Innate Abilities, Weirdness & Mutations

You have an increased reservoir of magic. (+10% MP)
You shall have no god before yourself.
Your divine heritage dramatically boosts your attributes as you level up.


Message History

The steam dragon is moderately wounded.
The steam dragon breathes steam at you. The ball of steam hits you!!
Unknown command.
Unknown command.
The searing ray hits the steam dragon.
The steam dragon is heavily wounded.
The searing ray hits the shadow imp!
You kill the shadow imp!
You are engulfed in a cloud of scalding steam.
Unknown command.
The searing ray misses the steam dragon.
You finish channelling your searing ray.
You are engulfed in a cloud of scalding steam.
* * * LOW HITPOINT WARNING * * *
The steam dragon misses you. The steam dragon barely misses you.
Unknown command.
Casting: Searing Ray (safe; 1% risk of failure)
Confirm with . or Enter, or press ? or * to list all spells.
You erupt in a blast of force!
The mystic blast hits the steam dragon.
The steam dragon is heavily wounded.
The steam dragon is knocked back by the mystic blast.
You are engulfed in a cloud of scalding steam.
* * * LOW HITPOINT WARNING * * *
Casting: Iskenderun's Mystic Blast (dangerous; 12% risk of failure)
Confirm with . or Enter, or press ? or * to list all spells.
You erupt in a blast of force!
The mystic blast hits the steam dragon.
The steam dragon is severely wounded.
The steam dragon is knocked back by the mystic blast.
You are engulfed in a cloud of scalding steam.
* * * LOW HITPOINT WARNING * * *
Unknown command.
Casting: Iskenderun's Mystic Blast (dangerous; 12% risk of failure)
Confirm with . or Enter, or press ? or * to list all spells.
Aiming: Searing Ray (safe; 1% risk of failure)
Press: ? - help, Shift-Dir - straight line, f - steam dragon
Aim: a steam dragon (severely wounded, catching its breath, 83% to hit)
Okay, then.
You are engulfed in a cloud of scalding steam.
You die...

. ..# #... .....
......########.
....ยง..@..D....
###########....
.


You could see a steam dragon (catching breath).

Vanquished Creatures
  The ghost of SharpKris the Firebug, an amateur DEFE of Okawaru (D:3)
  2 ice beasts
  3 phantoms
  A bullfrog (D:6)
  2 scorpions
  2 jellies
  A gnoll bouda (D:5)
  3 hounds
  3 iguanas
  Natasha (thrice) (D:4)
  Terence (D:2)
  2 sleepcaps
  7 adders
  8 gnolls (D:5)
  2 shadow imps
  A white imp (D:5)
  3 ufetubi (D:6)
  2 worms (D:3)
  A dart slug (D:4)
  8 orcs
  5 ball pythons
  6 endoplasms
  4 giant cockroaches
  7 goblins
  9 hobgoblins
  4 jackals (D:1)
  3 kobolds
  2 quokkas (D:4)
  6 bats
  5 frilled lizards
  6 rats
113 creatures vanquished.

Notes
Turn   | Place    | Note
-------+----------+-------------------------------------------
     0 | D:1      | McKennaii the Demigod Conjurer began the quest for the Orb.
     0 | D:1      | Reached XP level 1. HP: 14/14 MP: 5/5
   391 | D:1      | Reached XP level 2. HP: 20/20 MP: 4/7
   600 | D:1      | Reached skill level 4 in Conjurations
  1227 | D:1      | Learned a level 2 spell: Searing Ray
  1337 | D:2      | Reached XP level 3. HP: 26/26 MP: 2/9
  2141 | D:2      | Noticed Terence
  2293 | D:3      | Found a runed translucent door.
  2293 | D:3      | Noticed SharpKris's ghost (amateur DEFE)
  2296 | D:3      | Reached XP level 4. HP: 33/33 MP: 8/11
  2701 | D:3      | Learned a level 4 spell: Iskenderun's Mystic Blast
  2831 | D:3      | You fall into a shaft and drop 2 floors!
  2831 | D:5      | Entered Level 5 of the Dungeon
  2887 | D:5      | Reached skill level 5 in Conjurations
  2887 | D:5      | Reached XP level 5. HP: 36/38 MP: 7/13
  3025 | D:4      | Noticed Natasha
  3028 | D:4      | Killed Natasha
  3074 | D:4      | Noticed Natasha
  3079 | D:4      | Killed Natasha
  3094 | D:4      | Noticed Natasha
  3098 | D:4      | Killed Natasha
  3437 | D:4      | Found a staircase to the Ecumenical Temple.
  3644 | D:4      | Reached XP level 6. HP: 35/45 MP: 7/15
  4287 | D:2      | Killed Terence
  4490 | D:3      | Killed SharpKris's ghost
  4491 | D:3      | Reached skill level 6 in Conjurations
  4750 | D:5      | Reached XP level 7. HP: 50/50 MP: 13/17
  4835 | D:5      | Reached skill level 5 in Spellcasting
  5801 | D:6      | Reached skill level 7 in Conjurations
  6026 | D:6      | Identified the +0 scale mail "Fewox" {Fly rElec Str+3
                  | Slay+3}
  6156 | D:6      | Reached XP level 8. HP: 50/57 MP: 13/20
  6875 | D:7      | Engulfed by a steam dragon's steam

Illustrated notes

Levels and vault maps discovered:
D:1:      dpeg_arrival_lava_temple_mockup, layout_basic
D:2:      layout_basic, minmay_pentomino_q4, uniq_terence
D:3:      layout_rooms, mainiacjoe_overflow_alcove_2,
          hellmonk_ghost_happy_afterlife
D:4:      layout_loops_ring, minmay_temple_entry_glass, uniq_natasha
D:5:      nicolae_cairo_tiling, layout_basic, marbit_many_paths,
          kennysheep_little_box
D:6:      layout_loops_ring, grunt_temple_overflow_cloverleaf
D:7:      layout_rooms, zin_purify, uniq_joseph, uniq_duvessa

Skill      XL: |  1  2  3  4  5  6  7 |
---------------+----------------------+-----
Spellcasting   | 2 3 4 6 |  6.3
Conjurations   | 4 5 6 7 |  7.6
Dodging        | |  1.7
Stealth        | |  1.7

Action                     |  1- 3 |  4- 6 |  7- 9 || total
---------------------------+-------+-------+-------++-------
  Melee: Unarmed           |    27 |     1 |       ||    28
         Punch             |     1 |       |       ||     1
         Flail             |       |     7 |       ||     7
         Short sword       |       |       |     2 ||     2
   Cast: Magic Dart        |    83 |    65 |    45 ||   193
         Searing Ray       |     4 |    24 |    21 ||    49
         Iskenderun's Myst |       |       |     2 ||     2
    Use: Scroll            |       |     7 |       ||     7
 Armour: Robe              |     8 |     5 |     3 ||    16
  Dodge: Dodged            |    37 |    20 |    28 ||    85
